 Dungeon Crawl Stone Soup version 0.27-a0-972-gd1521fd518 (webtiles) character file.

Game seed: 11231685865911002187

1741 Glokmah the Charlatan (level 8, -7/61 HPs)
             Began as a Demonspawn Artificer on Apr 14, 2021.
             Was an Initiate of Okawaru.
             Mangled by an orc warrior
             ... wielding a +0 flail
              (12 damage)
             ... on level 5 of the Dungeon.
             The game lasted 00:19:36 (9972 turns).

Glokmah the Charlatan (Demonspawn Artificer)        Turns: 9972, Time: 00:19:38

Health: -7/61      AC: 14    Str:  9    XL:     8   Next: 77%
Magic:  8/8        EV: 12    Int: 12    God:    Okawaru [......]
Gold:   29         SH:  0    Dex: 18    Spells: 7/7 levels left

rFire    . . .     SeeInvis .   c - +8 great sword of Qynuch {vorpal, rN+ Str-5 Dex+3}
rCold    . . .     Faith    .   (shield currently unavailable)
rNeg     + . .     Spirit   .   y - +0 ring mail
rPois    .         Reflect  .   o - +2 helmet
rElec    .         Harm     .   r - +0 cloak
rCorr    .         Rampage  .   f - +1 pair of gloves
Will     .....                  (no boots)
Stlth    +.........             (no amulet)
HPRegen  0.20/turn              (no ring)
MPRegen  0.22/turn              (no ring)

@: no status effects
A: claws 1, slimy green scales 1, magic regeneration, demonic magic 1
a: Renounce Religion


You were on level 5 of the Dungeon.
You worshipped Okawaru.
Okawaru was noncommittal.
You visited 2 branches of the dungeon, and saw 7 of its levels.

You collected 270 gold pieces.
You spent 241 gold pieces at shops.

Inventory:

Hand Weapons
 a - a +2 flail of protection
 b - a +4 hand crossbow
 c - the +8 great sword of Qynuch (weapon) {vorpal, rN+ Str-5 Dex+3}
   (You bought it in a shop on level 5 of the Dungeon)

   It inflicts extra damage upon your enemies.
   It affects your strength (-5).
   It affects your dexterity (+3).
   It protects you from negative energy.
 n - a +2 dagger of pain
Missiles
 g - 252 stones
 h - 105 arrows
 m - 4 boomerangs (quivered)
 x - 39 bolts
Armour
 f - a +1 pair of gloves (worn)
 o - a +2 helmet (worn)
 r - a +0 cloak (worn)
 y - a +0 ring mail (worn)
Jewellery
 w - a +6 ring of intelligence
Wands
 d - a wand of charming (8)
 l - a wand of flame (1)
 v - a wand of digging (5)
Scrolls
 k - a scroll of noise
 q - a scroll of enchant weapon
Potions
 j - a potion of lignification
 p - 4 potions of magic
 s - a potion of berserk rage {unknown}
 t - a potion of brilliance {unknown}
 u - a potion of flight {unknown}
 z - a potion of haste {unknown}
Miscellaneous
 e - a piece from Xom's chessboard (15/15)


   Skills:
 + Level 4.9 Fighting
 * Level 1.0 Long Blades
 + Level 4.8 Armour
 - Level 4.3 Dodging
 - Level 0.8 Stealth
 + Level 0.4 Spellcasting
 * Level 7.7 Evocations


You had 7 spell levels left.
You didn't know any spells.
Your spell library contained the following spells:

 Spells                   Type           Power      Damage    Failure   Level
 Magic Dart               Conj           0%         1d3       63%         1
 Summon Small Mammal      Summ           0%         N/A       63%         1
 Blink                    Tloc           N/A        N/A       77%         2
 Call Imp                 Summ           0%         N/A       77%         2
 Slow                     Hex            0%         N/A       77%         2
 Call Canine Familiar     Summ           0%         N/A       94%         3
 Conjure Flame            Conj/Fire      0%         6-21      94%         3
 Mephitic Cloud           Conj/Pois/Air  0%         N/A       94%         3
 Summon Guardian Golem    Hex/Summ       0%         N/A       94%         3
 Summon Ice Beast         Ice/Summ       0%         N/A       100%        4
 Summon Lightning Spire   Summ/Air       0%         N/A       100%        4


Dungeon Overview and Level Annotations

Branches:
Dungeon (6/15)             Temple (1/1) D:5

Altars:
Cheibriados
Dithmenos
Elyvilon
Fedhas
Gozag
Hepliaklqana
Kikubaaqudgha
Makhleb
Nemelex Xobeh
Okawaru
Qazlal
Sif Muna
Uskayaw
Vehumet
Wu Jian
Xom
Yredelemnul

Shops:
D:5 (


Innate Abilities, Weirdness & Mutations

You have sharp fingernails.
You are partially covered in slimy green scales. (AC +2)
You regenerate magic rapidly.
Spells you cast may paralyse adjacent enemies.


Message History

Your Long Blades skill increases to level 1!
You start resting.
An orc warrior comes into view. It is wielding a +0 flail.
An orc comes into view. It is wielding a +0 club.
Your ring mail prevents you from hitting the orc warrior.
The orc warrior hits you with a +0 flail.
An orc comes into view. It is wielding a +0 mace.
The orc warrior hits you with a +0 flail.
The orc shouts! x2
You slash the orc warrior!
The orc warrior is heavily wounded.
The orc warrior hits you with a +0 flail.
You closely miss the orc warrior.
The orc warrior is moderately wounded.
The orc warrior closely misses you.
The orc throws a boomerang.
The boomerang hits you but does no damage.
The orc warrior misses you. The orc warrior closely misses you.
You climb upwards.
There is a stone staircase leading down here.
You hit the orc warrior but do no damage.
The orc warrior is moderately wounded.
The orc warrior barely misses you.
You riposte.
You hit the orc warrior but do no damage.
The orc warrior is moderately wounded.
You hit the orc warrior but do no damage.
The orc warrior is moderately wounded.
The orc warrior hits you with a +0 flail.
The orc warrior hits you but does no damage.
You hit the orc warrior.
The orc warrior is heavily wounded.
The orc warrior hits you with a +0 flail!
* * * LOW HITPOINT WARNING * * *
The orc warrior hits you but does no damage.
Aiming: Charm
Press: ? - help, Shift-Dir - straight line, f - orc warrior
Aim: an orc warrior, wielding a +0 flail and wearing a +0 plate armour (heavily wounded, chance to affect: 68%)
The orc warrior struggles to resist.
The orc warrior hits you with a +0 flail!
You die...

##..#..##.###########....## #.#
≈##.#.#.......#.....'.....#
#.###
≈##.#.#.#.###.#.#####'###.#
#...#
###.#.#.#.......#.#.....#.#
###.# #
#.#.#....#.####.#.⌠.⌠.#.# #.#
###'#.###.##.# #.'..>..'.# #.#
...........#.# #.#.⌠.⌠.#.# #.#
....<..#.....####.#.....#.# #.#
.......#.#.....o@.###'###.# #.#
.......#.#..#########..##.# #.#
.....###.#.............##.# #.#
###......##.#..#......###.# #.#
##.#####...#..#.###### #.#####.#
#.....##.######.##.# #.......#
#.....##......#....#############
#.....######...##.>....# #.....#
#...##......#


You could see an orc warrior.

Vanquished Creatures
  Grinder (D:3)
  2 water moccasins
  4 ogres
  A phantom (D:4)
  4 scorpions
  A water moccasin zombie (D:5)
  A howler monkey (D:4)
  2 bullfrog skeletons (D:5)
  A hound (D:5)
  2 jellies (D:4)
  Jessica (D:2)
  Natasha (thrice) (D:2)
  5 iguanas
  A hound zombie (D:5)
  4 gnolls
  7 adders
  An adder skeleton (D:4)
  An adder zombie (D:3)
  A worm (D:5)
  3 dart slugs
  5 orcs
  A bat zombie (D:2)
  5 endoplasms
  5 giant cockroaches
  8 goblins
  8 hobgoblins
  4 jackals (D:2)
  7 kobolds
  6 quokkas
  7 ball pythons
  10 bats
  2 frilled lizards (D:1)
  6 rats
120 creatures vanquished.

Vanquished Creatures (collateral kills)
  2 bats
  2 hobgoblins
  2 jackals (D:2)
  3 kobolds (D:2)
  A goblin (D:3)
10 creatures vanquished.

Vanquished Creatures (others)
  An orc (D:3)
1 creature vanquished.

Grand Total: 131 creatures vanquished

Notes
Turn   | Place    | Note
-------+----------+-------------------------------------------
     0 | D:1      | Glokmah the Demonspawn Artificer began the quest for the
                  | Orb.
     0 | D:1      | Reached XP level 1. HP: 15/15 MP: 1/1
   243 | D:1      | Reached skill level 1 in Dodging
   456 | D:1      | Gained mutation: Spells you cast may paralyse adjacent
                  | enemies. [demonic ancestry]
   456 | D:1      | Reached XP level 2. HP: 21/21 MP: 2/2
   815 | D:1      | Reached XP level 3. HP: 15/26 MP: 3/3
  1005 | D:2      | Noticed Jessica
  1011 | D:2      | Noticed a scorpion
  1014 | D:2      | Killed Jessica
  1044 | D:2      | Reached XP level 4. HP: 28/33 MP: 4/4
  1064 | D:1      | Killed a scorpion
  1065 | D:1      | Reached skill level 4 in Evocations
  1437 | D:2      | Reached XP level 5. HP: 27/38 MP: 5/5
  2487 | D:2      | Noticed Natasha
  2506 | D:2      | Killed Natasha
  2623 | D:2      | Noticed Natasha
  2636 | D:2      | Killed Natasha
  3003 | D:2      | Noticed Natasha
  3013 | D:2      | Killed Natasha
  3197 | D:3      | Gained mutation: You regenerate magic rapidly. [demonic
                  | ancestry]
  3197 | D:3      | Reached XP level 6. HP: 19/46 MP: 6/6
  3489 | D:3      | Noticed a water moccasin
  3499 | D:3      | Killed a water moccasin
  3500 | D:3      | Reached skill level 5 in Evocations
  4291 | D:3      | Noticed Grinder
  4318 | D:3      | Paralysed by Grinder for 7 turns
  4330 | D:3      | Killed Grinder
  4331 | D:3      | Gained mutation: You have sharp fingernails. [demonic
                  | ancestry]
  4331 | D:3      | Reached XP level 7. HP: 23/52 MP: 7/7
  6248 | D:4      | Reached skill level 6 in Evocations
  7443 | D:4      | You fall into a shaft and drop 1 floor!
  7443 | D:5      | Entered Level 5 of the Dungeon
  7463 | D:5      | Gained mutation: You are partially covered in slimy green
                  | scales. (AC +2) [demonic ancestry]
  7463 | D:5      | Reached XP level 8. HP: 60/60 MP: 8/8
  7618 | D:5      | Reached skill level 7 in Evocations
  7721 | D:5      | Found a staircase to the Ecumenical Temple.
  8520 | Temple   | Entered the Ecumenical Temple
  8693 | Temple   | Became a worshipper of Warmaster Okawaru
  9645 | D:5      | Found Bemeim's Antique Weapon Emporium.
  9649 | D:5      | Bought an ivory great sword for 241 gold pieces
  9649 | D:5      | Identified the +8 great sword of Qynuch {vorpal, rN+ Str-5
                  | Dex+3} (You bought it in a shop on level 5 of the Dungeon)
  9950 | D:6      | Reached skill level 1 in Long Blades
  9972 | D:5      | Mangled by an orc warrior

Illustrated notes

Levels and vault maps discovered:
D:1:      dpeg_arrival_circle_labyrinth_c, layout_rooms
D:2:      layout_basic, serial_corexii_hall, chequers_hall_statues_y,
          corexii_hall_statues_s, minmay_pentomino_w4, uniq_jessica,
          uniq_natasha
D:3:      layout_loops_corners, minmay_increasing_density, uniq_grinder
D:4:      layout_basic
D:5:      layout_basic, minmay_temple_entry_hall, serial_shops, shop,
          gup_sewer_entry_bubbles
D:6:      layout_rooms, serial_corexii_hall, chequers_hall_statues_corner_a,
          corexii_hall_statues_x, uniq_sigmund
Temple:   minmay_crystal_spiral_temple

Skill      XL: |  1  2  3  4  5  6  7  8 |
---------------+-------------------------+-----
Dodging        | 1 2 3 4 |  4.3
Armour         | 2 3 4 |  4.8
Fighting       | 2 3 4 |  4.9
Evocations     | 4 5 6 7 |  7.7
Long Blades    | 1 |  1.0
Stealth        | |  0.8
Spellcasting   | |  0.4

Action                   |  1- 3 |  4- 6 |  7- 9 || total
-------------------------+-------+-------+-------++-------
Melee: Short sword       |   119 |   136 |       ||   255
       Club              |    11 |       |       ||    11
       Dagger            |       |   129 |   130 ||   259
       Flail             |       |       |   196 ||   196
       Great sword       |       |       |    14 ||    14
 Fire: Hand crossbow     |       |       |     4 ||     4
Throw: Boomerang         |       |     6 |     2 ||     8
Evoke: Wand              |     6 |     9 |     7 ||    22
       Piece from Xom's  |       |    14 |     1 ||    15
  Use: Potion            |       |     3 |     2 ||     5
       Scroll            |       |       |    10 ||    10
 Stab: Petrified         |       |    18 |       ||    18
       Distracted        |       |     1 |       ||     1
       Confused          |       |     3 |       ||     3
Armor: Scale mail        |    92 |   138 |   159 ||   389
       Ring mail         |       |       |     7 ||     7
Dodge: Dodged            |   105 |   134 |   203 ||   442
       Rpst.: Great sword |       |       |     5 ||     5

Table legend: (Time is in decaauts)
 A = Elapsed time spent in this place.
 B = Non-inter-level travel time spent in this place.
 C = Inter-level travel time spent in this place.
 D = Time resting spent in this place.
 E = Time spent auto-exploring this place.
 F = Levels seen in this place.
 G = Mean time per level.
                   A        B        C        D        E       F      G
               +--------+--------+--------+--------+--------+-----+--------+
         Total |  10142 |   9383 |    759 |   2965 |   4232 |   7 | 1448.9 |
       Dungeon |   9891 |   9253 |    638 |   2965 |   4105 |   6 | 1648.5 |
        Temple |    250 |    129 |    121 |      0 |    127 |   1 |  250.0 |
               +--------+--------+--------+--------+--------+-----+--------+

Top non-repeatable levels by time:
     D:3: 2638 daAuts
     D:5: 2332 daAuts
     D:2: 2324 daAuts
     D:4: 1308 daAuts
     D:1: 1235 daAuts
  Temple: 250 daAuts
     D:6: 51 daAuts
